 Dungeon Crawl Stone Soup version 0.29.1-2-gbd0b4ee654 (webtiles) character file.

Game seed: 5801855462617337455

24 Ivernyr the Insei (level 3, -4/23 HPs)
             Began as an Octopode Transmuter on Oct 29, 2022.
             Slain by a gnoll
             ... wielding a +0 flail of protection
              (6 damage)
             ... on level 2 of the Dungeon.
             The game lasted 00:01:41 (629 turns).

Ivernyr the Insei (Octopode Transmuter)              Turns: 629, Time: 00:01:41

Health: -4/23      AC:  1    Str:  9    XL:     3   Next: 2%
Magic:  4/6        EV: 13    Int: 17    God:
Gold:   64         SH:  0    Dex: 12    Spells: 4/7 levels left

rFire   . . .      SeeInvis .     - Unarmed
rCold   . . .      Faith    .   (no shield)
rNeg    . . .      Spirit   .   (helmet restricted)
rPois   .          Reflect  .   (no amulet)
rElec   .          Harm     .   c - ring of willpower
rCorr   .          Rampage  .   (no ring)
Will    +....                   (no ring)
Stlth   ++........              (no ring)
HPRegen 0.07/turn               (no ring)
MPRegen 0.10/turn               (no ring)
                                (no ring)
                                (no ring)

@: no status effects
A: almost no armour, amphibious, 8 rings, camouflage 1, gelatinous body 1,
(nimble swimmer 1), tentacles
a: no special abilities


You were on level 2 of the Dungeon.
You visited 1 branch of the dungeon, and saw 2 of its levels.

You collected 64 gold pieces.

Inventory:

Jewellery
 c - a ring of willpower (left tentacle)
Potions
 a - a potion of lignification
 b - 2 potions of attraction {unknown}


   Skills:
 + Level 1.4 Fighting
 + Level 2.3 Dodging
 - Level 3.0 Unarmed Combat
 * Level 2.5 Spellcasting
 + Level 2.3 Transmutations


You had 4 spell levels left.
You knew the following spells:

 Your Spells              Type           Power      Damage    Failure   Level
a - Beastly Appendage     Tmut           18%        N/A       7%          1
b - Wereblood             Tmut           9%         N/A       11%         2

Your spell library contained the following spells:

 Spells                   Type           Power      Damage    Failure   Level
 Spider Form              Tmut/Pois      6%         N/A       34%         3
 Ice Form                 Ice/Tmut       6%         N/A       75%         4


Dungeon Overview and Level Annotations

Branches:
Dungeon (2/15)

Altars:


Innate Abilities, Weirdness & Mutations

You cannot wear most types of armour.
You are amphibious.
You can wear up to eight rings at the same time.
Your skin changes colour to match your surroundings (Stealth+).
Your rubbery body absorbs attacks. (AC +1, EV +1)
((You are camouflaged when in or above water. (Stealth+)))
You have tentacles for arms and can constrict up to eight enemies at once.


Message History

Confirm with . or Enter, or press ? or * to list all spells.
Your blood is infused with primal strength.
You barely miss the gnoll. You grab the gnoll. You constrict the gnoll.
The gnoll misses you.
You tentacle-slap the gnoll.
You pierce the gnoll, but do no damage.
The gnoll is heavily wounded.
Your transformation is almost over.
You constrict the gnoll.
A gnoll comes into view. It is wielding a +0 flail.
The gnoll hits you with a +0 club. The gnoll closely misses you.
You tentacle-slap the gnoll but do no damage.
The gnoll is heavily wounded.
You constrict the gnoll. The gnoll hits you with a +0 club.
The gnoll hits you from afar with a +0 spear.
You tentacle-slap the gnoll.
You pierce the gnoll, but do no damage.
The gnoll is almost dead.
You constrict the gnoll.
You feel a bit better.
You kill the gnoll!
The gnoll misses you.
You have reached level 3!
Your experience leads to an increase in your attributes!
Increase (S)trength, (I)ntelligence, or (D)exterity?
You feel clever. x2
You howl as the wereblood boils in your veins!
An endoplasm comes into view.
The endoplasm quivers.
You howl as the wereblood boils in your veins!
You howl as the wereblood boils in your veins!
Your tentacle spike disappears.
Your primal bloodlust is almost over.
The gnoll attacks as you move away!
The gnoll hits you with a +0 flail of protection!
Ouch! That really hurt!
* * * LOW HITPOINT WARNING * * *
The gnoll attacks as you move away! The gnoll closely misses you.
The gnoll attacks as you move away! The gnoll barely misses you.
Your primal bloodlust has ended.
The gnoll attacks as you move away!
The gnoll hits you with a +0 flail of protection.
You die...

#.........(.... #
#........#### #.
#.###.##># .. #[#
#....# #. # #.# ###..#
###.## #.# #..## #
..... #.# #...####.#
#.J. #.######.......#
#..#
#.........#@#######
#.g.
#.######....g.J.g.####
##J# ###
####.##...g...# ##..#
#...##...##.###g.##
#...##...##...#.##
####...#########.g.#
#.................####
#......######.........
#......######.........


You could see 3 gnolls and an endoplasm.

Vanquished Creatures
  A gnoll (D:2)
  A worm (D:2)
  4 ball pythons
  An endoplasm (D:2)
  2 quokkas (D:1)
  3 kobolds
  A rat (D:1)
13 creatures vanquished.

Notes
Turn   | Place    | Note
-------+----------+-------------------------------------------
     0 | D:1      | Ivernyr the Octopode Transmuter began the quest for the
                  | Orb.
     0 | D:1      | Reached XP level 1. HP: 13/13 MP: 3/3
    49 | D:1      | Found a faded altar of an unknown god.
   203 | D:1      | Reached XP level 2. HP: 18/18 MP: 5/5
   214 | D:1      | Learned a level 2 spell: Wereblood
   360 | D:1      | You fall into a shaft and drop 1 floor!
   608 | D:2      | Reached XP level 3. HP: 13/23 MP: 2/6
   629 | D:2      | Slain by a gnoll

Illustrated notes

Levels and vault maps discovered:
D:1:      eino_arrival_druids_welcome, layout_loops_cross,
          ebering_ecumenical_altar_mist
D:2:      layout_rooms, reono_crystal_passage

Action                   || total
-------------------------++-------
Melee: Unarmed           ||    32
       Constrict         ||     8
       Tentacles         ||     5
       Kick              ||     5
 Cast: Beastly Appendage ||     3
       Wereblood         ||     2
 Stab: Sleeping          ||     2
Dodge: Dodged            ||    20
